 Dungeon Crawl Stone Soup version 0.18.1-47-g9310371 (webtiles) character file.

35 Oakoak the Insei (level 3, -2/31 HPs)
             Began as a Naga Transmuter on June 20, 2016.
             Slain by an adder (3 damage)
             ... on level 2 of the Dungeon.
             The game lasted 00:07:43 (1714 turns).

Oakoak the Insei (Naga Transmuter)                  Turns: 1714, Time: 00:07:44

Health: -2/31      AC:  4    Str: 12    XL:     3   Next: 35%
Magic:  5/6        EV: 10    Int: 18    God:
Gold:   101        SH:  0    Dex: 12    Spells: 1 memorised, 5 levels left

rFire  . . .     SeeInvis +       - Unarmed
rCold  + . .     Gourm    .     e - +1 robe {rC+}
rNeg   . . .     Faith    .     (no shield)
rPois  +         Spirit   .     (no helmet)
rElec  .         Dismiss  .     p - +0 cloak (curse)
rCorr  .         Reflect  .     (no gloves)
SustAt .         Harm     .     (no barding)
MR     .....                    (no amulet)
Stlth  ++........               (no ring)
                                (no ring)

@: brilliant, lethally poisoned (-2 -> -4), appendage, very slow, not resistant
to hostile enchantments, unstealthy
A: horns 2, see invisible, deformed body, poison resistance, slowness 2, slow
metabolism 1, spit poison 2, AC +1
a: Spit Poison, End Transformation


You were on level 2 of the Dungeon.
You were not hungry.
You had grown temporary horns.
You visited 1 branch of the dungeon, and saw 2 of its levels.

You collected 101 gold pieces.

Inventory:

Missiles
 a - 36 arrows
Armour
 b - a +0 robe
 e - a +1 robe of cold resistance (worn)
 p - a cursed +0 cloak (worn)
Jewellery
 l - an uncursed ring of resist corrosion {azd, unknown}
Scrolls
 f - a scroll of blinking {unknown}
 g - 3 scrolls of identify {unknown}
 h - 2 scrolls of remove curse {unknown}
 m - 2 scrolls of teleportation {unknown}
Potions
 k - a potion of curing {unknown}
 n - a potion of agility {unknown}
 o - 2 potions of heal wounds {unknown}
Books
 c - a book of Changes

   Spells                             Type                      Level
   a - Beastly Appendage              Transmutation                1
   b - Sticks to Snakes               Transmutation                2
   c - Spider Form                    Transmutation/Poison         3
   d - Ice Form                       Ice/Transmutation            4
   e - Blade Hands                    Transmutation                5
Comestibles
 d - 4 bread rations
 i - 3 fruits
 q - a meat ration
 r - a slice of pizza


   Skills:
 + Level 1.0 Fighting
 + Level 1.9 Dodging
 + Level 0.9 Stealth
 + Level 3.6 Unarmed Combat
 + Level 2.1 Spellcasting
 + Level 2.4 Transmutations


You had 5 spell levels left.
You knew the following spells:

 Your Spells              Type           Power        Failure   Level  Hunger
a - Beastly Appendage     Trmt           ###...       1%          1    #......


Dungeon Overview and Level Annotations

Branches:
Dungeon (2/15)

Altars:


Innate Abilities, Weirdness & Mutations

You cannot wear boots.
Your serpentine skin is tough (AC +1).
You have supernaturally acute eyesight.
Armour fits poorly on your strangely shaped body.
Your system is resistant to poisons.
You cover ground very slowly.
You have a slow metabolism.
You can spit poison.
You have a pair of horns on your head.


Message History

You are too injured to fight recklessly!
You are too injured to fight recklessly!
Casting: Beastly Appendage
Confirm with . or Enter, or press ? or * to list all spells.
You grow a pair of large bovine horns.
The adder closely misses you. x2
You closely miss the adder.
You have got your breath back.
The adder bites you.
* * * LOW HITPOINT WARNING * * *
You hit the adder.
The adder is lightly wounded.
The adder barely misses you.
You closely miss the adder.
The adder is lightly wounded.
* * * LOW HITPOINT WARNING * * *
You feel sick. The adder closely misses you.
You closely miss the adder.
The adder is lightly wounded.
The adder barely misses you. The adder bites you.
You die...

..# ..# ###..#
#....#
##.#....#
..+....#
#.#....#+##
#.#@....... .
#.S........
...##..........
...........#+##
...###.....# ..
#.....# .
#.....# #.....#
#.....#


You could see an adder.

Vanquished Creatures
  A dart slug (D:1)
  A giant gecko (D:1)
  5 bats
  A giant cockroach (D:2)
  5 goblins
  4 hobgoblins (D:1)
  3 jackals (D:2)
  A ball python (D:1)
  4 giant newts
  4 kobolds
  2 rats (D:1)
31 creatures vanquished.

Notes
Turn   | Place    | Note
--------------------------------------------------------------
     0 | D:1      | Oakoak the Naga Transmuter began the quest for the Orb.
     0 | D:1      | Reached XP level 1. HP: 18/18 MP: 3/3
   227 | D:1      | Reached XP level 2. HP: 14/25 MP: 5/5
  1377 | D:2      | Reached XP level 3. HP: 31/31 MP: 6/6
  1713 | D:2      | HP: 1/31 [poisoned by an adder]
  1714 | D:2      | Slain by an adder

Action                   || total
-------------------------++-------
Melee: Unarmed           ||   128
       Punch             ||     2
       Headbutt          ||     1
 Cast: Beastly Appendage ||     5
 Abil: Spit Poison       ||     3
  Use: Potion            ||     1
 Stab: Sleeping          ||     1
  Eat: Meat ration       ||     1
Armor: Robe              ||    80
Dodge: Dodged            ||   107
